 Dungeon Crawl Stone Soup version 0.31-a0-237-g2d982f9f85 (webtiles) character file.

Game seed: 9506236788457553742

100 qw the Shooter (level 4, -8/36 HPs)
             Began as a Minotaur Hexslinger on July 10, 2023.
             Mangled by Sigmund
             ... wielding a +0 scythe of protection
              (10 damage)
             ... on level 3 of the Dungeon.
             The game lasted 00:00:47 (1814 turns).

qw the Shooter (Minotaur Hexslinger)                Turns: 1814, Time: 00:00:48

Health: -8/36      AC:  3    Str: 19    XL:     4   Next: 46%
Magic:  4/4        EV: 12    Int: 10    God:
Gold:   176        SH:  0    Dex: 14    Spells: 4/5 levels left

rFire   . . .        Y - +1 sling
rCold   . . .        (no shield)
rNeg    . . .        g - +0 leather armour
rPois   .            (helmet restricted)
rElec   .            (no cloak)
rCorr   .            (no gloves)
SInv    .            (no boots)
Will    .....        (no amulet)
Stlth   +            e - +6 ring of strength
HPRegen 0.26/turn    (no ring)
MPRegen 0.09/turn

%: no passive effects
@: no status effects
A: horns 2, retaliatory headbutt
a: no special abilities


You were on level 3 of the Dungeon.
You visited 1 branch of the dungeon, and saw 3 of its levels.

You collected 176 gold pieces.


Innate Abilities, Weirdness & Mutations

You have a pair of horns on your head.
You reflexively headbutt those who attack you in melee.


   Skills:
 + Level 2.1 Fighting
 - Level 5.0 Ranged Weapons
 - Level 2.1 Dodging
 - Level 1.0 Spellcasting
 - Level 2.0 Hexes


You had 4 spell levels left.
You knew the following spells:

 Your Spells              Type           Power      Damage    Failure   Level
a - Slow                  Hex            16%        N/A       19%         1

Your spell library contained the following spells:

 Spells                   Type           Power      Damage    Failure   Level
 Inner Flame              Hex/Fire       2%         N/A       63%         3
 Portal Projectile        Hex/Tloc       4%         N/A       63%         3
 Cause Fear               Hex            2%         N/A       87%         4

Inventory:

Hand Weapons
 Y - a +1 sling (weapon)
Armour
 g - a +0 leather armour (worn)
Jewellery
 e - a +6 ring of strength (left hand)
Scrolls
 a - a scroll of vulnerability {unknown}
 c - a scroll of fear {unknown}
 f - a scroll of enchant armour
Potions
 b - a potion of attraction {unknown}
 d - a potion of might {unknown}

Dungeon Overview and Level Annotations

Branches:
Dungeon (3/15)

Altars:
Cheibriados

Annotations:
D:3 Sigmund


Message History

Sigmund the Dreaded comes into view.
He is wielding a +0 scythe of protection.
Enter note:
Enter note: You shoot a sling bullet.
The sling bullet barely misses Sigmund.
Sigmund drinks a potion.
Sigmund flickers and vanishes!
Deactivating autopickup; reactivate with Ctrl-A.
You shoot a sling bullet. You shoot a sling bullet. You shoot a sling bullet.
You shoot a sling bullet. Something hits you but does no damage.
You shoot a sling bullet. Something hits you.
You shoot a sling bullet. You shoot a sling bullet. Something hits you.
You shoot a sling bullet. Something hits you!
You shoot a sling bullet. Something hits you.
You shoot a sling bullet. You shoot a sling bullet. Something hits you.
You shoot a sling bullet. Something hits you!
You shoot a sling bullet. Something hits you.
You shoot a sling bullet. Something hits you.
You shoot a sling bullet. You shoot a sling bullet. Something hits you.
You shoot a sling bullet. Something hits you but does no damage.
You shoot a sling bullet. You shoot a sling bullet. Something hits you.
You shoot a sling bullet. Something hits you!
You die...

##......#
#.#.##=# #####
#......#
###.#### #.# #.#
###.# ##.#.#
####....######.#
+.......@.{.%...
####...#########
##.. ##. #. ..
.. ..


There were no monsters in sight!

Vanquished Creatures
  3 adders (D:2)
  2 worms (D:2)
  2 dart slugs (D:2)
  An orc (D:3)
  11 bats
  3 endoplasms
  2 giant cockroaches (D:1)
  6 hobgoblins
  4 jackals (D:1)
  4 kobolds
  2 quokkas
  6 ball pythons
  3 frilled lizards
  6 goblins (D:1)
  A rat (D:2)
56 creatures vanquished.

Notes
Turn   | Place    | Note
-------+----------+-------------------------------------------
     0 | D:1      | qw the Minotaur Hexslinger began the quest for the Orb.
     0 | D:1      | Reached XP level 1. HP: 16/16 MP: 1/1
     0 | D:1      | 0 ||| qw: Version: 0.3-a-52-g30416fa
     0 | D:1      | 0 ||| qw: Game counter: 5167
     0 | D:1      | 0 ||| qw: Melee chars always use a shield: true
     0 | D:1      | 0 ||| qw: God list: Okawaru
     0 | D:1      | 0 ||| qw: Allow faded altars: false
     0 | D:1      | 0 ||| qw: Do Orc after clearing Dungeon:15 true
     0 | D:1      | 0 ||| qw: Do second Lair branch before Depths: true
     0 | D:1      | 0 ||| qw: Lair rune preference: random
     0 | D:1      | 0 ||| qw: Goals: Normal
     0 | D:1      | 0 ||| PLANNING D:1-11
    66 | D:1      | Reached skill level 3 in Ranged Weapons
    73 | D:1      | Reached XP level 2. HP: 23/23 MP: 2/2
   255 | D:1      | Reached XP level 3. HP: 29/29 MP: 3/3
   674 | D:1      | 674 ||| UPGRADING to +0 leather armour.
   684 | D:1      | 684 ||| DROPPING +0 robe.
   685 | D:1      | 685 ||| UPGRADING to +6 ring of strength.
   686 | D:1      | 686 ||| DROPPING ring of magical power.
   687 | D:1      | 687 ||| DRINKING 2 fuming sapphire potions.
   688 | D:1      | 688 ||| DROPPING scroll of poison.
   689 | D:1      | 689 ||| DROPPING potion of magic.
   741 | D:2      | Reached skill level 4 in Ranged Weapons
   796 | D:2      | Found a snail-covered altar of Cheibriados.
   864 | D:2      | Found a faded altar of an unknown god.
   888 | D:2      | Reached XP level 4. HP: 17/36 MP: 4/4
   896 | D:2      | 896 ||| FLEEEEING.
  1493 | D:2      | 1493 ||| READING scroll labelled SYSAEGOATH.
  1556 | D:2      | 1556 ||| READING scroll labelled JAADARGHURCH.
  1610 | D:3      | Reached skill level 5 in Ranged Weapons
  1793 | D:3      | Noticed Sigmund
  1807 | D:3      | HP: 6/36 [something (4)]
  1813 | D:3      | HP: 2/36 [something (3)]
  1814 | D:3      | Mangled by Sigmund

Levels and vault maps discovered:
D:1:      heliophobic_arrival_ceremonial_halls, layout_loops_ring, st_stairs_11
D:2:      layout_basic, basic_altar, hellmonk_ecumenical_altar_lost_god,
          grunt_ministairs_14
D:3:      layout_loops_corners, uniq_sigmund

Skill      XL: |  1  2  3  4 |
---------------+-------------+-----
Ranged Weapons | 3 4 5 |  5.0
Fighting       | 2 |  2.1
Dodging        | |  2.1
Spellcasting   | |  1.0
Hexes          | |  2.0

Action                     |  1- 3 |  4- 6 || total
---------------------------+-------+-------++-------
   Fire: Sling             |   106 |    89 ||   195
    Use: Potion            |     1 |       ||     1
         Scroll            |       |     2 ||     2
 Armour: Robe              |    12 |       ||    12
         Leather armour    |     7 |     8 ||    15
  Dodge: Dodged            |    73 |    15 ||    88

Table legend:
 A = Non-vault XP
 B = Vault XP
 C = Vault XP percentage of total XP
 D = Non-vault monster count
 E = Vault monster count
 F = Vault count percentage of total count
                 A         B        C        D         E       F
            +---------+---------+-------+---------+---------+-------
      Total |     136 |       7 |   4.9 |      52 |       4 |   7.1
            +---------+---------+-------+---------+---------+-------
        D:1 |      41 |       4 |   8.9 |      23 |       2 |   8.0
        D:2 |      85 |       3 |   3.4 |      24 |       2 |   7.7
        D:3 |      10 |       0 |   0.0 |       5 |       0 |   0.0
            +---------+---------+-------+---------+---------+-------
